AoeStats
← Governor

Nomad

510287694Analyzed
2v2 RM · 20h ago on Sep 30, 2026· 27m 33s· 4 players
Game mode
Random Map
Map size
176×176
Population
200
Speed
Normal
Resources
Standard
Victory
Conquest
Starting age
Dark Age
Ending age
Imperial Age
RankedLock teamsTeams togetherTeam positionsShared explorationLock speedFull tech treeHidden civsTurbo modeCheats
Victory
Defeat
🇩🇪 Persians · Germany
1128
+14
🇪🇸 Varangians · Spain
1083
+16
🇦🇷 Persians · Argentina
1173
-18
🇨🇳 Persians · China
1000
-38
OBrien11
3:15 Loom
16:41 Feudal Age
18:01 Wheelbarrow
17:16 Double-Bit Axe
17:24 Gold Mining
18:40 Fishing Lines
22:21 Castle Age
20:30 Scale Barding Armor
20:36 Forging
22:45 Bloodlines
23:16 Bow Saw
23:26 Husbandry
23:56 Chain Barding Armor
23:35 Gillnets
24:41 Iron Casting
24:45 Hand Cart
26:16 Fletching
26:21 Stone Mining
fede
6:51 Loom
15:08 Feudal Age
18:56 Castle Age
18:56 Stone Mining
19:18 Double-Bit Axe
19:30 Gold Mining
20:32 Scale Barding Armor
20:38 Forging
20:19 Fletching
21:45 Chain Barding Armor
23:36 Bow Saw
25:08 Iron Casting
25:34 Bodkin Arrow
26:23 Gold Shaft Mining
Marco Aurelio
7:57 Loom
17:07 Feudal Age
18:55 Fishing Lines
20:24 Town Watch
21:48 Wheelbarrow
23:16 Castle Age
22:29 Bloodlines
23:37 Scale Barding Armor
26:38 Husbandry
26:35 Gold Mining
Governor
16:35 Loom
22:30 Feudal Age
Connection lost

Rejoining the realm…

Still unreachable

The connection could not be restored.

Session expired

The server has moved on; the page needs a fresh start.